 Dungeon Crawl Stone Soup version 0.18.1-5-g4a78601 (webtiles) character file.

37 inmateoo the Gusty (level 3, -1/16 HPs)
             Began as a Vine Stalker Air Elementalist on May 14, 2016.
             Slain by an adder (2 damage)
             ... on level 2 of the Dungeon.
             The game lasted 00:02:37 (1199 turns).

inmateoo the Gusty (Vine Stalker Air Elementalist)  Turns: 1199, Time: 00:02:37

Health: -1/16      AC:  2    Str: 10    XL:     3   Next: 39%
Magic:  0/7        EV: 18    Int: 16    God:
Gold:   58         SH:  0    Dex: 19    Spells: 3 memorised, 1 level left

rFire  + . .     SeeInvis .     d - +0 short sword
rCold  . . .     Gourm    .     a - +0 robe
rNeg   . . .     Faith    .     (no shield)
rPois  .         Spirit   +     (no helmet)
rElec  .         Dismiss  .     (no cloak)
rCorr  .         Reflect  .     (no gloves)
SustAt .         Harm     .     (no boots)
MR     .....                    (no amulet)
Stlth  ++++......               (no ring)
                                f - ring of protection from fire

@: agile, lethally poisoned (-1 -> -5), repel missiles, not resistant to hostile
enchantments, stealthy
A: fangs 2, regeneration 1, magic shield, antimagic bite, no device heal 3, rot
immunity
a: no special abilities


You were on level 2 of the Dungeon.
You were not hungry.

You visited 1 branch of the dungeon, and saw 2 of its levels.

You collected 58 gold pieces.

Inventory:

Hand Weapons
 d - a +0 short sword (weapon)
Armour
 a - a +0 robe (worn)
 n - an ice dragon hide
 q - a +0 buckler
Jewellery
 f - a ring of protection from fire (left hand)
Scrolls
 j - a scroll of enchant weapon {unknown}
 m - a scroll of magic mapping {unknown}
 o - a scroll of noise {unknown}
Potions
 i - 2 potions of curing {unknown}
 p - a potion of flight {unknown}
 r - a potion of lignification {unknown}
 s - a potion of brilliance {unknown}
Books
 b - a book of Air

   Spells                             Type                      Level
   a - Shock                          Conjuration/Air              1
   b - Swiftness                      Charms/Air                   2
   c - Repel Missiles                 Charms/Air                   2
   d - Static Discharge               Conjuration/Air              3
   e - Lightning Bolt                 Conjuration/Air              5
Comestibles
 c - 3 bread rations
 h - a meat ration


   Skills:
 + Level 0.1 Short Blades
 + Level 2.1 Dodging
 + Level 2.9 Stealth
 + Level 2.3 Spellcasting
 + Level 1.3 Conjurations
 * Level 3.4 Air Magic


You had one spell level left.
You knew the following spells:

 Your Spells              Type           Power        Failure   Level  Hunger
a - Shock                 Conj/Air       #...         10%         1    #......
b - Repel Missiles        Chrm/Air       #.....       17%         2    ###....
c - Swiftness             Chrm/Air       #.......     17%         2    ###....


Dungeon Overview and Level Annotations

Branches:
Dungeon (2/15)

Altars:


Innate Abilities, Weirdness & Mutations

You have extremely sharp teeth.
Your natural rate of healing is unusually fast.
When hurt, damage is shared between your health and your magic reserves.
Your bite disrupts and absorbs the magic of your enemies.
Potions and wands cannot restore your health.
You are immune to rotting.


Message History

The adder bites you.
* * * LOW HITPOINT WARNING * * *
You are lethally poisoned!
The adder poisons you!
Casting: Shock
Confirm with . or Enter, or press ? or * to list all spells.
Aiming: Shock
Press: ? - help, Shift-Dir - straight line, f/p - adder
Aim: an adder (lightly wounded)
The zap hits the adder.
The adder is heavily wounded.
The zap hits the adder.
The adder is moderately wounded.
The zap hits the bat.
You kill the bat!
The zap misses the adder.
The zap hits the adder.
The adder is almost dead.
* * * LOW HITPOINT WARNING * * *
You feel sick. The adder bites you.
You die...

###### #....#
#....# #########
##....#
#†SS@...##
#.....#
##.#####..#
###.#.##. ###..#
##.####...#.##.
## ##...##
#..##..###.#..
##. #..###
##....####.#.<
#####.. #.## #
###...##...).
#......##.##...#
##..)#.#)##
#....S..†)....#
..#.....#
......(.......#
#. ###....##


You could see 2 adders.

Vanquished Creatures
  An ooze (D:1)
  A worm (D:2)
  A dart slug (D:1)
  2 bats
  A giant cockroach (D:1)
  3 goblins
  5 hobgoblins
  4 kobolds
  2 giant newts (D:2)
  5 rats
25 creatures vanquished.

Notes
Turn   | Place    | Note
--------------------------------------------------------------
     0 | D:1      | inmateoo the Vine Stalker Air Elementalist began the quest for the Orb.
     0 | D:1      | Reached XP level 1. HP: 9/9 MP: 4/4
   419 | D:1      | Reached XP level 2. HP: 13/13 MP: 6/6
   958 | D:2      | Reached XP level 3. HP: 15/16 MP: 7/7
   968 | D:2      | Learned a level 2 spell: Repel Missiles
  1008 | D:2      | Learned a level 2 spell: Swiftness
  1199 | D:2      | Slain by an adder

Skill      XL: |  1  2  3 |
---------------+----------+-----
Dodging        | 2 |  2.1
Short Blades   | |  0.1
Stealth        | |  2.9
Spellcasting   | |  2.3
Conjurations   | |  1.3
Air Magic      | |  3.4

Action                   || total
-------------------------++-------
Melee: Short sword       ||    87
       Bite              ||    20
       Unarmed           ||     1
 Cast: Shock             ||     8
       Repel Missiles    ||     1
  Use: Scroll            ||     4
       Potion            ||     1
 Stab: Sleeping          ||     6
  Eat: Chunk             ||     1
Armor: Robe              ||    25
Dodge: Dodged            ||    74
